 Dungeon Crawl Stone Soup version 0.27.1-2-g3b301248ec (webtiles) character file.

Game seed: 7793790683651158065

383 Kinoniko the Chopper (level 6, 0/70 HPs)
             Began as a Demonspawn Berserker on Sept 28, 2021.
             Was a Priest of Trog.
             Splashed by a jelly's acid (2 damage)
             ... on level 4 of the Dungeon.
             The game lasted 00:04:22 (4453 turns).

Kinoniko the Chopper (Demonspawn Berserker)         Turns: 4453, Time: 00:04:23

Health: 0/70       AC: -1    Str: 19    XL:     6   Next: 47%
Magic:  6/6        EV:  7    Int:  8    God:    Trog [***...]
Gold:   938        SH:  4    Dex: 13    Spells: 5/5 levels left

rFire    . . .     SeeInvis .   a - +1 hand axe
rCold    + . .     Faith    .   (no shield)
rNeg     . . .     Spirit   .   o - +2 chain mail {rC+}
rPois    +         Reflect  .   (no helmet)
rElec    .         Harm     .   (no cloak)
rCorr    .         Rampage  .   (no gloves)
Will     .....                  (no boots)
Stlth    ..........             (no amulet)
HPRegen  0.21/turn              e - ring of flight
MPRegen  0.10/turn              f - ring of poison resistance

@: berserking, corroded, flying, very quick
A: large bone plates 1, ignite blood 1
a: Renounce Religion, Berserk, Trog's Hand


You were on level 4 of the Dungeon.
You worshipped Trog.
Trog was most pleased with you.
You visited 1 branch of the dungeon, and saw 4 of its levels.

You collected 938 gold pieces.

Inventory:

Hand Weapons
 a - a +1 hand axe (weapon)
Armour
 o - a +2 chain mail of cold resistance (worn)
Jewellery
 e - a ring of flight (left hand)
 f - a ring of poison resistance (right hand)
Wands
 m - a wand of flame (31)
Scrolls
 b - a scroll of fear
 c - 2 scrolls of blinking
 j - 2 scrolls of teleportation
Potions
 d - a potion of curing
 g - a potion of brilliance {unknown}
 h - a potion of flight {unknown}
 i - a potion of lignification {unknown}
 l - a potion of heal wounds {unknown}
 q - a potion of ambrosia {unknown}


   Skills:
 - Level 3.0 Fighting
 * Level 6.7 Axes
 - Level 1.7 Armour
 - Level 1.7 Dodging


You had 5 spell levels left.
You didn't know any spells.
Your spell library was empty.

Dungeon Overview and Level Annotations

Branches:
Dungeon (4/15)
 Temple: D:4-7

Altars:
Kikubaaqudgha
Okawaru
Zin

Shops:
D:3 *


Innate Abilities, Weirdness & Mutations

You are partially covered in large bone plates. (SH +4)
Your demonic aura sometimes causes spilled blood to erupt in flames.


Message History

A jelly comes into view.
Found a scroll of teleportation.
Found a stone staircase leading up.
The jelly quivers.
A jelly is nearby!
The jelly hits you but does no damage.
You hit the jelly. The acid corrodes you!
Your hands burn!
The jelly is moderately wounded.
The jelly hits you. The acid corrodes you!
You are splashed with acid!
You hit the jelly but do no damage. The acid corrodes you!
Your hands burn!
The jelly is moderately wounded.
The jelly hits you.
You are splashed with acid!
You are too injured to fight recklessly!
You are too injured to fight recklessly!
You are too injured to fight recklessly!
You are too injured to fight recklessly!
You are too injured to fight recklessly!
You are too injured to fight recklessly!
You are too injured to fight recklessly!
You are too injured to fight recklessly!
You are too injured to fight recklessly!
You are too injured to fight recklessly!
You are too injured to fight recklessly!
You are too injured to fight recklessly!
You are too injured to fight recklessly!
You are too injured to fight recklessly!
You are too injured to fight recklessly!
Unknown command.
A red film seems to cover your vision as you go berserk!
You feel yourself moving faster!
You feel mighty! The jelly hits you.
You are splashed with acid!
* * * LOW HITPOINT WARNING * * *
You slash the jelly!
Your hands burn!
* * * LOW HITPOINT WARNING * * *
The jelly is almost dead.
The jelly hits you.
* * * LOW HITPOINT WARNING * * *
You are splashed with acid!
* * * LOW HITPOINT WARNING * * *
You hit the jelly.
Your hands burn!
You die...

..# ### ..# #.#
..# #.# ..# #.#
.#############.#
............##.#
###########....#
#..#######.#
#.....@J...#
##.#######.#
.... ..<...#
...?....#
#.....### ####..
#..


You could see a jelly.

Vanquished Creatures
  A scorpion (D:4)
  2 orc priests (D:4)
  Terence (D:2)
  An iguana (D:3)
  An orc wizard (D:3)
  Natasha (thrice) (D:2)
  An adder (D:2)
  A worm (D:2)
  2 dart slugs
  8 orcs
  10 ball pythons
  5 bats
  11 endoplasms
  10 giant cockroaches
  6 goblins
  8 hobgoblins
  2 jackals (D:1)
  4 quokkas
  4 frilled lizards
  2 kobolds
  6 rats
89 creatures vanquished.

Vanquished Creatures (others)
  3 demonic plants (D:1)
  2 fungi (D:1)
  2 plants (D:1)
7 creatures vanquished.

Grand Total: 96 creatures vanquished

Notes
Turn   | Place    | Note
-------+----------+-------------------------------------------
     0 | D:1      | Kinoniko the Demonspawn Berserker began the quest for the
                  | Orb.
     0 | D:1      | Reached XP level 1. HP: 18/18 MP: 1/1
    63 | D:1      | Reached skill level 3 in Axes
   295 | D:1      | Gained mutation: Your demonic aura sometimes causes spilled
                  | blood to erupt in flames. [demonic ancestry]
   295 | D:1      | Reached XP level 2. HP: 24/24 MP: 2/2
   582 | D:1      | Found a faded altar of an unknown god.
   600 | D:1      | Gained mutation: You are partially covered in large bone
                  | plates. (SH +4) [demonic ancestry]
   600 | D:1      | Reached XP level 3. HP: 29/29 MP: 3/3
   919 | D:1      | Reached ** piety under Trog
   920 | D:1      | Reached skill level 4 in Axes
  1928 | D:2      | You are sucked into a shaft and drop 1 floor!
  2116 | D:2      | Reached XP level 4. HP: 35/35 MP: 4/4
  2302 | D:2      | Noticed Terence
  2312 | D:2      | Killed Terence
  2724 | D:2      | Noticed Natasha
  2731 | D:2      | Killed Natasha
  2732 | D:2      | Reached skill level 5 in Axes
  2926 | D:2      | Noticed Natasha
  2939 | D:2      | Killed Natasha
  2940 | D:2      | Reached XP level 5. HP: 29/41 MP: 5/5
  3231 | D:2      | Noticed Natasha
  3246 | D:2      | Killed Natasha
  3478 | D:3      | Found an iron altar of Okawaru.
  3534 | D:3      | Reached skill level 6 in Axes
  3665 | D:3      | Found Zin's Purification Station.
  4083 | D:4      | Found an ancient bone altar of Kikubaaqudgha.
  4102 | D:4      | Reached XP level 6. HP: 47/47 MP: 6/6
  4103 | D:4      | Reached *** piety under Trog
  4150 | D:4      | Identified a scroll of acquirement
  4150 | D:4      | Acquired 798 gold pieces
  4452 | D:4      | HP: 2/70 [acid (9)]
  4453 | D:4      | Splashed by a jelly's acid

Illustrated notes

Levels and vault maps discovered:
D:1:      ebering_trefoil_3fold, layout_loops_ring,
          shapermc_ecumenical_altar_gd, serial_forest,
          infiniplex_forest_clump_C, infiniplex_forest_end_double,
          infiniplex_forest_clump_long, infiniplex_forest_straight_3,
          infiniplex_forest_end_2, minmay_worlds_worst_comb
D:2:      layout_basic, hangedman_feature_mirror, uniq_terence, uniq_natasha
D:3:      layout_loops_ring, zin_purify, mainiacjoe_overflow_alcove_2,
          kennysheep_flooded_box
D:4:      layout_loops_ring, mainiacjoe_overflow_paths,
          gammafunk_ghost_nasty_kobolds, nicolae_shop_clearance

Skill      XL: |  1  2  3  4  5 |
---------------+----------------+-----
Axes           | 3 4 5 6 |  6.7
Fighting       | |  3.0
Armour         | |  1.7
Dodging        | |  1.7

Action                   |  1- 3 |  4- 6 || total
-------------------------+-------+-------++-------
Melee: Hand axe          |   135 |   137 ||   272
Invok: Berserk           |     2 |     8 ||    10
  Use: Scroll            |       |     7 ||     7
 Stab: Sleeping          |     1 |       ||     1
Armor: Animal skin       |    21 |       ||    21
       Ring mail         |    16 |     2 ||    18
       Chain mail        |       |    46 ||    46
Dodge: Dodged            |    78 |    36 ||   114
Block: Other             |     9 |    16 ||    25
